[Event "Team 45 45 League T33"]
[Site "Internet Chess Club"]
[Date "2007.04.28"]
[Round "2"]
[White "Karpyan"]
[Black "NoiselessBear"]
[Result "1-0"]
[WhiteElo "1839"]
[BlackElo "1815"]
[ECO "C71"]
[TimeControl "2700+45"]

1. e4 e5 2. Nf3 Nc6 3. Bb5 a6 4. Ba4 d6 5. d4 b5 6. Bb3 Nxd4 7. Nxd4 exd4 8. Bd5
Rb8 9. Qxd4 Nf6 10. Bg5 Be7 11. Bc6+ Bd7 12. Bxd7+ Qxd7 13. Nd2 O-O 14. O-O Rfe8
15. Rfe1 h6 16. Bh4 Qg4 17. Bg3 Qe6 18. e5 Bf8 19. exf6 Qxe1+ 20. Rxe1 Rxe1+ 21.
Nf1 Rbe8 22. f3 Rc1 23. Qd2 Rb1 24. c3 gxf6 25. Kf2 Ree1 26. Qxe1 {Black
resigns} 1-0

[Event "Team 45 45 League T33"]
[Site "Internet Chess Club"]
[Date "2007.04.29"]
[Round "2"]
[White "room-matt"]
[Black "McKnights"]
[Result "1-0"]
[WhiteElo "1868"]
[BlackElo "1853"]
[ECO "B01"]
[TimeControl "2700+45"]

1. e4 d5 2. exd5 Nf6 3. d4 Nxd5 4. c4 Nb6 5. Nf3 g6 6. c5 Nd5 7. Bc4 Bg7 8. h3
O-O 9. Qb3 c6 10. O-O b6 11. Rd1 Ba6 12. a4 Bxc4 13. Qxc4 bxc5 14. dxc5 Nd7 15.
a5 Rb8 16. Nc3 Rb4 17. Qe2 Nxc3 18. bxc3 Bxc3 19. Ra3 Bf6 20. Qd2 Rc4 21. Bb2
Qb8 22. Qxd7 Qxb2 23. Rad3 Qb4 24. Qxa7 Rxc5 25. a6 Ra5 26. g4 e6 27. Rd7 Qb3
28. Kg2 Qb5 29. Qb7 Qxa6 30. Qxa6 Rxa6 31. Rc7 Bd8 32. Rcd7 Ba5 33. Ne5 Bc3 34.
f4 f6 35. Nf3 h5 36. gxh5 gxh5 37. R1d3 Bb4 38. Rc7 c5 39. Rdd7 Ra2+ 40. Kg3 h4+
41. Nxh4 Be1+ 42. Kg4 f5+ 43. Kh5 Bc3 44. Ng6 Rh2 45. h4 Bf6 46. Kh6 Rxh4+ 47.
Nxh4 Ra8 48. Rg7+ Bxg7+ 49. Rxg7+ Kf8 50. Ng6+ Ke8 51. Rg8+ Kd7 52. Rxa8 Kd6 53.
Rd8+ Kc6 54. Ne5+ Kb5 55. Kg6 Kb4 56. Kf6 c4 57. Rb8+ Kc5 58. Kxe6 Kd4 59. Kxf5
c3 60. Rd8+ Ke3 61. Rd3+ Ke2 {Black resigns} 1-0

[Event "Team 45 45 League T33"]
[Site "Internet Chess Club"]
[Date "2007.04.29"]
[Round "2"]
[White "Aarick"]
[Black "burnsja2003"]
[Result "0-1"]
[WhiteElo "1722"]
[BlackElo "1777"]
[ECO "B40"]
[TimeControl "2700+45"]

1. e4 c5 2. Nf3 e6 3. b3 d6 4. Bb5+ Bd7 5. Bxd7+ Qxd7 6. Bb2 Nc6 7. O-O h6 8. d4
cxd4 9. Nxd4 a6 10. c4 e5 11. Nf3 Nf6 12. Nc3 Be7 13. Qe2 O-O 14. Rfd1 Rad8 15.
Rd2 b6 16. Rad1 Qb7 17. Nd5 Nxd5 18. cxd5 Nb8 19. Rc1 Rc8 20. Rdc2 Rxc2 21. Qxc2
Nd7 22. b4 Nf6 23. Nd2 b5 24. f3 Nd7 25. Qc7 Rb8 26. Nb3 Bg5 27. Rc6 Nb6 28. Na5
Qxc7 29. Rxc7 Rc8 30. Rc6 Rxc6 31. dxc6 Bd8 32. Bc1 Kf8 33. Be3 Bc7 34. Kf1 Ke8
35. Ke1 Nc8 36. Kd2 Bxa5 37. bxa5 Ne7 38. c7 Kd7 39. Bb6 Kc8 40. Kc3 Kd7 41. Kb3
f5 42. a4 fxe4 43. fxe4 Kc6 44. axb5+ Kxb5 45. Kc3 h5 46. g3 g6 47. Kd3 Nc8 48.
Ke3 Kc4 49. h4 Ne7 50. Kf3 Kd3 51. Be3 Kc4 52. Bg5 Nc8 53. Be3 Kb5 54. Bb6 Kc6
55. g4 Kd7 56. gxh5 gxh5 57. Ke3 Ne7 58. Kf3 Ng6 59. Kg3 Nf4 60. Kf3 Ne6 61.
c8=Q+ Kxc8 62. Be3 Kb7 63. Ke2 Kc6 64. Kd3 Kb5 65. Bd2 Nd4 66. Kc3 Nc6 {White
resigns} 0-1

[Event "Team 45 45 League T33"]
[Site "Internet Chess Club"]
[Date "2007.04.27"]
[Round "2"]
[White "RingLord"]
[Black "SATELLITE-DAN"]
[Result "1-0"]
[WhiteElo "1712"]
[BlackElo "1671"]
[ECO "C27"]
[TimeControl "2700+45"]

1. e4 e5 2. Nc3 Nf6 3. Bc4 Nxe4 4. Qh5 Nd6 5. Bb3 Be7 6. Nf3 Nc6 7. Nxe5 Nxe5 8.
Qxe5 O-O 9. O-O Bf6 10. Qd5 g6 11. d3 Nf5 12. Bd2 c6 13. Qf3 d5 14. Rfe1 Nd4 15.
Qf4 Nxb3 16. axb3 Bg7 17. Re2 Be6 18. Rae1 Qd7 19. Bc1 Rae8 20. h3 Bf5 21. g4
Rxe2 22. Nxe2 Be6 23. Nd4 c5 24. Nf3 f5 25. g5 Re8 26. Qa4 b5 27. Qa5 f4 28. h4
Bh3 29. Rxe8+ Qxe8 30. Qd2 Be5 31. Qe1 Qe6 32. Nxe5 d4 33. f3 h6 34. Bxf4 Qf5
35. Qe4 {Black resigns} 1-0

[Event "Team 45 45 League T33"]
[Site "Internet Chess Club"]
[Date "2007.04.30"]
[Round "2"]
[White "cascarillo"]
[Black "Zornorph"]
[Result "1-0"]
[WhiteElo "2058"]
[BlackElo "1925"]
[ECO "C41"]
[TimeControl "2700+45"]

1. e4 e5 2. Nf3 d6 3. d4 exd4 4. Nxd4 Nf6 5. Nc3 Be7 6. Bf4 O-O 7. Qd2 Nc6 8.
O-O-O Nxd4 9. Qxd4 Nh5 10. Be3 Bf6 11. Qd2 Re8 12. f3 g6 13. g4 Ng7 14. Nd5 Bh4
15. Kb1 Ne6 16. Bc4 Bd7 17. Bb3 a5 18. a3 b5 19. Qg2 c5 20. c4 bxc4 21. Bxc4 Ba4
22. Rd2 Rb8 23. Ka2 Bc6 24. Rhd1 Bxd5 25. Rxd5 Bf6 26. e5 Nc7 27. Rxd6 Qe7 28.
Rxf6 Qxe5 29. Rxf7 Ne6 30. Rdd7 Qxe3 31. Rg7+ Kh8 32. Rxh7+ Kg8 33. Rhg7+ {Black
resigns} 1-0

[Event "Team 45 45 League T33"]
[Site "Internet Chess Club"]
[Date "2007.05.01"]
[Round "2"]
[White "kabindra"]
[Black "Amauta"]
[Result "0-1"]
[WhiteElo "1806"]
[BlackElo "1919"]
[ECO "C78"]
[TimeControl "2700+45"]

1. e4 e5 2. Nf3 Nc6 3. Bb5 a6 4. Ba4 Nf6 5. O-O b5 6. Bb3 Bb7 7. Re1 Bc5 8. c3
d6 9. d4 Bb6 10. d5 Ne7 11. Bg5 Ng6 12. Nbd2 O-O 13. Nf1 h6 14. Bd2 Ng4 15. Ne3
Qd7 16. h3 Nxe3 17. Bxe3 Bxe3 18. fxe3 a5 19. a4 Rfb8 20. Qe2 Ba6 21. Qf2 bxa4
22. Bxa4 Bb5 23. Bc2 a4 24. b3 axb3 25. Bxb3 Bd3 26. Bc2 Rxa1 27. Rxa1 Rb2 28.
Ba4 Rxf2 29. Bxd7 Rc2 30. Bf5 Rxc3 31. h4 Nf8 32. h5 g6 33. hxg6 fxg6 34. Be6+
Nxe6 35. dxe6 Bxe4 36. Rf1 Rxe3 37. Nh4 Rb3 38. Rf7 c5 39. Rd7 Kf8 40. Rxd6 Ke7
41. Ra6 g5 42. Ra7+ Kxe6 43. Ra6+ Kd5 44. Ng6 Rb1+ 45. Kh2 Rb2 46. Ne7+ Kc4 47.
Re6 Rxg2+ 48. Kh3 Kd4 49. Nc6+ Bxc6 50. Rxc6 Rg1 51. Kh2 Ra1 52. Rxh6 c4 53. Rg6
c3 54. Rxg5 c2 {White resigns} 0-1

[Event "Team 45 45 League T33"]
[Site "Internet Chess Club"]
[Date "2007.05.01"]
[Round "2"]
[White "makito"]
[Black "jaybird"]
[Result "1-0"]
[WhiteElo "1787"]
[BlackElo "1740"]
[ECO "E76"]
[TimeControl "2700+45"]

1. d4 Nf6 2. c4 g6 3. Nc3 Bg7 4. e4 d6 5. f4 b6 6. Nf3 Bb7 7. Bd3 Na6 8. a3 O-O
9. O-O e6 10. h3 Nd7 11. Be3 e5 12. fxe5 dxe5 13. d5 Nac5 14. Bc2 f5 15. b4 Nxe4
16. Nxe4 fxe4 17. Ng5 Rxf1+ 18. Qxf1 Qf6 19. Ne6 Qxf1+ 20. Rxf1 c5 21. Bxe4 Rc8
22. b5 Nf8 23. Nxg7 Kxg7 24. Bg5 Nd7 25. Rf3 Rf8 26. Kf2 Rxf3+ 27. Bxf3 Nf6 28.
Bc1 Kf7 29. Ke3 Nd7 30. Ke4 Kf6 31. g4 g5 32. h4 h6 33. hxg5+ hxg5 34. Bd1 Ba8
35. Bc2 Bb7 36. Kf3 Nf8 37. Bf5 Ng6 38. Bb2 Nh4+ 39. Ke4 Nxf5 40. gxf5 g4 41.
Bxe5+ Kg5 42. f6 Kg6 43. a4 Bc8 44. Kf4 Kf7 45. Bb8 a6 46. Bc7 axb5 47. axb5
Kxf6 48. Bxb6 g3 49. Kxg3 Ke5 50. Bxc5 Ke4 51. Ba7 Kd3 52. c5 Kc4 53. Kf4 Kxd5
54. b6 Bb7 55. Kf5 Kxc5 56. Ke5 Bh1 57. b7+ Kc4 58. b8=Q Kd3 59. Qb3+ Ke2 60.
Qe3+ Kd1 61. Bd4 Ba8 62. Qf2 Kc1 63. Bc3 Be4 64. Qd2+ Kb1 65. Qb2# {Black
checkmated} 1-0

[Event "Team 45 45 League T33"]
[Site "Internet Chess Club"]
[Date "2007.04.27"]
[Round "2"]
[White "b-spot"]
[Black "BrerRabbit"]
[Result "1-0"]
[WhiteElo "1657"]
[BlackElo "1543"]
[ECO "E39"]
[TimeControl "2700+45"]

1. d4 Nf6 2. c4 e6 3. Nc3 Bb4 4. Qc2 c5 5. dxc5 O-O 6. a3 Bxc5 7. Nf3 b6 8. Bf4
Nc6 9. Rd1 Re8 10. e3 e5 11. Bg5 h6 12. Bh4 Be7 13. Be2 d6 14. Nb5 Bb7 15. Bxf6
gxf6 16. Nh4 a6 17. Nc3 Bc8 18. Bf3 Bd7 19. Bxc6 Bxc6 20. Nf5 Bf8 21. Qd3 Qc7
22. e4 Red8 23. Qg3+ Kh7 24. O-O Rac8 25. Qh4 Bd7 26. Nd5 Qb7 27. Nxf6+ Kg6 28.
Rd3 Bxf5 29. Rg3+ Bg4 30. Rxg4# {Black checkmated} 1-0

[Event "Team 45 45 League T33"]
[Site "Internet Chess Club"]
[Date "2007.04.29"]
[Round "2"]
[White "DocHoliday"]
[Black "StrayLite"]
[Result "1/2-1/2"]
[WhiteElo "1934"]
[BlackElo "1933"]
[ECO "E11"]
[TimeControl "2700+45"]

1. d4 Nf6 2. c4 e6 3. Nf3 Bb4+ 4. Nbd2 b6 5. a3 Bxd2+ 6. Bxd2 h6 7. g3 Bb7 8.
Bg2 O-O 9. O-O d6 10. b4 Nbd7 11. Bc3 Be4 12. e3 Qb8 13. Nd2 Bxg2 14. Kxg2 Qb7+
15. Qf3 Qxf3+ 16. Kxf3 d5 17. Rfc1 a6 18. Bb2 Rfc8 19. e4 dxe4+ 20. Nxe4 Nxe4
21. Kxe4 f5+ 22. Kf3 Re8 23. Re1 Kf7 24. Rad1 c6 25. h4 b5 26. d5 exd5 27. Rxe8
Rxe8 28. cxd5 cxd5 29. Rxd5 Ke6 30. Rd2 Nf6 {Game drawn by mutual agreement}
1/2-1/2

[Event "Team 45 45 League T33"]
[Site "Internet Chess Club"]
[Date "2007.04.29"]
[Round "2"]
[White "siddhu"]
[Black "markgravitygood"]
[Result "1-0"]
[WhiteElo "1835"]
[BlackElo "1791"]
[ECO "B13"]
[TimeControl "2700+45"]

1. e4 c6 2. d4 d5 3. exd5 cxd5 4. Nf3 Nc6 5. h3 Nf6 6. Nc3 Bf5 7. Bd3 e6 8. Bxf5
exf5 9. Qe2+ Be7 10. Bf4 O-O 11. O-O Re8 12. Qd2 Ne4 13. Qe3 g5 14. Bh2 f4 15.
Qd3 Nb4 16. Qd1 f5 17. Ne5 Bf6 18. a3 Nc6 19. Nxc6 bxc6 20. Qd3 Qb6 21. Ne2 Qxb2
22. Rfb1 Nc5 23. Qd1 {Black resigns} 1-0

[Event "Team 45 45 League T33"]
[Site "Internet Chess Club"]
[Date "2007.04.26"]
[Round "2"]
[White "GrandPoobah069"]
[Black "michaelus"]
[Result "0-1"]
[WhiteElo "1634"]
[BlackElo "1757"]
[ECO "C55"]
[TimeControl "2700+45"]

1. e4 e5 2. Nf3 Nc6 3. d4 exd4 4. Bc4 Nf6 5. e5 Ng4 6. Qe2 Qe7 7. Bf4 f6 8. exf6
gxf6 9. Nbd2 d6 10. h3 Nge5 11. Bb5 Bd7 12. O-O-O O-O-O 13. Rhe1 Qf7 14. Kb1 Rg8
15. Bg3 Bh6 16. Nb3 a6 17. Bxa6 bxa6 18. Qxa6+ Kb8 19. Nfxd4 Qc4 20. Qxc4 Nxc4
21. Ne6 Rde8 22. Nbd4 N4e5 23. Nxc6+ Nxc6 24. Nf4 Rxe1 25. Rxe1 Bxf4 26. Bxf4
Rxg2 27. Bg3 Bxh3 28. c3 Ne5 29. Kc2 Bf5+ 30. Kb3 Nd3 31. Re8+ Kb7 32. Bh4 Nc5+
33. Ka3 Rg6 34. Rf8 Rh6 35. Bxf6 Nd7 36. Bg7 Nxf8 37. Bxh6 Nd7 38. b4 Nf6 39. f4
Ng4 40. Bg5 h5 41. Kb2 Ne3 42. Kc1 Ng2 43. Kd2 h4 44. Ke2 h3 45. Kf2 Kb6 46. a4
c5 47. Bd8+ Kc6 48. b5+ Kd7 49. Bg5 d5 50. a5 Kc7 51. Bh6 d4 52. cxd4 cxd4 53.
Bg7 d3 54. Be5+ Kb7 55. Bc3 Nxf4 56. a6+ Ka8 57. b6 Be4 58. Ke3 h2 59. Kxe4
h1=Q+ 60. Kxf4 Qc1+ {White resigns} 0-1

[Event "Team 45 45 League T33"]
[Site "Internet Chess Club"]
[Date "2007.04.28"]
[Round "2"]
[White "allanchs"]
[Black "charles-allen"]
[Result "0-1"]
[WhiteElo "1604"]
[BlackElo "1671"]
[ECO "B01"]
[TimeControl "2700+45"]

1. e4 d5 2. exd5 Nf6 3. d4 Bg4 4. Nf3 Qxd5 5. Be2 Nc6 6. Be3 e5 7. Nc3 Bb4 8.
O-O Qa5 9. Nxe5 Bxe2 10. Nxe2 Nxe5 11. dxe5 Ng4 12. Qd4 Nxe5 13. c3 Bd6 14. h3
O-O 15. b3 Rad8 16. Qxa7 Qxa7 17. Bxa7 b6 18. Rfd1 Nc6 19. Bxb6 cxb6 20. c4 Rfe8
21. Nc3 Be5 22. Rxd8 Rxd8 23. Rc1 Rd2 24. c5 bxc5 25. Ne4 Rxa2 26. Nxc5 Bd4 27.
Nd3 Ne7 28. Rd1 Ra1 29. Rxa1 Bxa1 30. Kf1 f5 31. Ke2 Kf7 32. b4 Ke6 33. g4 Nd5
34. f4 Bc3 35. b5 Bd4 36. gxf5+ Kxf5 37. Kf3 Nc3 38. Nb4 Nxb5 39. Nd5 Bc5 40. h4
h5 41. Ne3+ Bxe3 42. Kxe3 Kg4 {White resigns} 0-1

[Event "Team 45 45 League T33"]
[Site "Internet Chess Club"]
[Date "2007.04.29"]
[Round "2"]
[White "gorgon"]
[Black "JustinSane"]
[Result "1/2-1/2"]
[WhiteElo "2153"]
[BlackElo "2150"]
[ECO "A67"]
[TimeControl "2700+45"]

1. d4 Nf6 2. c4 c5 3. d5 e6 4. Nc3 exd5 5. cxd5 d6 6. e4 g6 7. f4 Bg7 8. Bb5+
Nfd7 9. Nf3 a6 10. Qa4 O-O 11. Bxd7 Nxd7 12. O-O b5 13. Qc2 Nf6 14. Rb1 Re8 15.
b4 cxb4 16. Rxb4 a5 17. Rd4 Ng4 18. Rdd1 Qc7 19. h3 Qxc3 20. Qxc3 Bxc3 21. hxg4
Bxg4 22. Rd3 b4 23. e5 Rad8 24. Be3 dxe5 25. fxe5 Bxf3 26. gxf3 Rxe5 27. Rfd1 f6
28. Bb6 Rd7 29. Bxa5 Ra7 30. d6 Rexa5 31. d7 Rxd7 32. Rxd7 Rxa2 33. Rb7 Rd2 34.
Re1 Rd8 35. Ree7 f5 36. Rxh7 b3 37. Rh6 b2 38. Rxg6+ Kf8 39. Rg5 Rd1+ 40. Kg2
b1=Q 41. Rxb1 Rxb1 42. Rxf5+ Ke7 43. Rc5 Bd4 44. Rc6 Rg1+ 45. Kh2 Rg8 46. Ra6
Be5+ 47. Kh3 Rg3+ 48. Kh4 Rxf3 49. Kg4 Rf1 50. Rb6 Bd6 51. Rb5 Ke6 52. Ra5 Be5
53. Ra6+ Kd5 54. Ra5+ Ke4 55. Ra4+ Bd4 56. Ra3 Rg1+ 57. Rg3 Rf1 58. Ra3 Rb1 59.
Rg3 Rb8 60. Rg2 Rf8 61. Re2+ Be3 62. Rg2 Bf2 63. Kh3 Rf3+ 64. Kg4 Rf8 65. Kh3
Ke3 66. Kg4 Ke2 67. Rh2 Ke3 68. Rg2 Ke4 69. Kh3 {Game drawn by repetition}
1/2-1/2

[Event "Team 45 45 League T33"]
[Site "Internet Chess Club"]
[Date "2007.05.01"]
[Round "2"]
[White "The7thGuest"]
[Black "baumhauer"]
[Result "1-0"]
[WhiteElo "2132"]
[BlackElo "2001"]
[ECO "C77"]
[TimeControl "2700+45"]

1. e4 e5 2. Nf3 Nc6 3. Bb5 a6 4. Ba4 Nf6 5. d4 Nxe4 6. d5 Nc5 7. dxc6 Nxa4 8.
cxd7+ Qxd7 9. Qxd7+ Bxd7 10. Nxe5 Bf5 11. c3 f6 12. Nf3 Bd6 13. O-O Kf7 14. Nd4
Bd7 15. b3 Nc5 16. Ba3 Rhe8 17. Nd2 Ne4 18. Bxd6 Nxd2 19. Rfd1 Nxb3 20. Nxb3
cxd6 21. Rxd6 Be6 22. Rb6 Bxb3 23. Rxb7+ Re7 24. Rxe7+ Kxe7 25. axb3 Kd6 26. Kf1
Kc5 27. Ke2 Rb8 28. Ra3 Rd8 29. Rxa6 {Black resigns} 1-0

[Event "Team 45 45 League T33"]
[Site "Internet Chess Club"]
[Date "2007.04.29"]
[Round "2"]
[White "WesleyCrusher"]
[Black "Gil-galad"]
[Result "1-0"]
[WhiteElo "2070"]
[BlackElo "2069"]
[ECO "B78"]
[TimeControl "2700+45"]

1. e4 c5 2. Nf3 d6 3. d4 cxd4 4. Nxd4 Nf6 5. Nc3 g6 6. Be3 Bg7 7. f3 O-O 8. Bc4
Nc6 9. Qd2 Bd7 10. O-O-O Qa5 11. Kb1 Ne5 12. Bb3 Rfc8 13. g4 b5 14. h4 Nc4 15.
Bxc4 bxc4 16. h5 Rab8 17. Ka1 Qb4 18. Rb1 Qa5 19. hxg6 fxg6 20. g5 Nh5 21. Nde2
Be6 22. Bd4 Bf7 23. Bxg7 Kxg7 24. Qd4+ Kg8 25. f4 e5 26. Qf2 Qc5 27. Qh4 Rb6 28.
f5 Rb7 29. Ng3 Qe3 30. Nxh5 gxh5 31. g6 hxg6 32. fxg6 Bxg6 33. Nd5 Qh6 34. Ne7+
Rxe7 35. Qxe7 {Black resigns} 1-0

[Event "Team 45 45 League T33"]
[Site "Internet Chess Club"]
[Date "2007.04.28"]
[Round "2"]
[White "favor"]
[Black "Amauta"]
[Result "0-1"]
[WhiteElo "1879"]
[BlackElo "1907"]
[ECO "A00"]
[TimeControl "2700+45"]

1. Nc3 d5 2. e4 d4 3. Nce2 e5 4. Ng3 Nf6 5. Bc4 Bd6 6. Nf3 O-O 7. O-O Nc6 8. a4
Na5 9. Ba2 c5 10. d3 h6 11. Nh4 Nc6 12. Nhf5 Bc7 13. f4 exf4 14. Bxf4 Bxf4 15.
Rxf4 Be6 16. Qe2 Ne5 17. Nh5 Nxh5 18. Qxh5 Ng6 19. Rg4 Bxa2 20. Rxa2 Qa5 21. Ra1
Qd2 22. Rf1 Qxc2 23. Nd6 Qxd3 24. Rg3 Qa6 25. Qd5 Qc6 26. Rxf7 Qxd5 27. Rxf8+
Rxf8 28. exd5 Nf4 29. Rf3 b6 30. g3 Nxd5 31. Rd3 Ne3 32. h4 Rf1+ 33. Kh2 Rf2+
34. Kh3 Rxb2 35. Nb5 h5 36. Nxa7 Nf1 {White resigns} 0-1

[Event "Team 45 45 League T33"]
[Site "Internet Chess Club"]
[Date "2007.05.01"]
[Round "2"]
[White "Milo"]
[Black "Guinness"]
[Result "1-0"]
[WhiteElo "2480"]
[BlackElo "2312"]
[ECO "B36"]
[TimeControl "2700+45"]

1. e4 c5 2. Nf3 g6 3. d4 cxd4 4. Nxd4 Nc6 5. c4 Nf6 6. Nc3 d6 7. Nc2 Bg7 8. Be2
O-O 9. O-O Nd7 10. Bd2 a5 11. Na3 Nd4 12. Nab5 Nc5 13. Nxd4 Bxd4 14. Bh6 Bxc3
15. bxc3 Re8 16. f3 f6 17. Be3 Qc7 18. Rb1 Be6 19. Kh1 Rec8 20. Bxc5 Qxc5 21.
Rxb7 Rc7 22. Qb3 {Black forfeits on time} 1-0

[Event "Team 45 45 League T33"]
[Site "Internet Chess Club"]
[Date "2007.05.01"]
[Round "2"]
[White "kingcapture"]
[Black "jpitt"]
[Result "1/2-1/2"]
[WhiteElo "2251"]
[BlackElo "2298"]
[ECO "B33"]
[TimeControl "2700+45"]

1. e4 c5 2. Nf3 Nc6 3. d4 cxd4 4. Nxd4 Nf6 5. Nc3 e5 6. Ndb5 d6 7. Nd5 Nxd5 8.
exd5 Nb8 9. Be3 a6 10. Na3 Nd7 11. Be2 Be7 12. O-O O-O 13. f4 f5 14. fxe5 Nxe5
15. Nc4 Nxc4 16. Bxc4 Bf6 17. c3 Be5 18. Bd4 Re8 19. Bb3 Bd7 20. Bc2 Qh4 21.
Bxe5 Rxe5 22. Qf3 Rae8 23. Rad1 Re3 24. Qf4 Qxf4 25. Rxf4 Re2 26. Bxf5 Bxf5 27.
Rxf5 Rxb2 28. Rf2 Ree2 29. Rxe2 Rxe2 30. a4 Rc2 31. Rb1 Rxc3 32. Rxb7 Rc5 33.
Rb6 Rxd5 34. Rxa6 Rd2 35. Ra7 Ra2 36. a5 d5 37. a6 d4 38. Kf1 d3 39. Ke1 h5 40.
Ra8+ Kh7 41. a7 Kg6 42. h4 Kh7 43. Kd1 Kg6 44. g3 Kh7 45. Kc1 d2+ 46. Kd1 Kg6
47. Ke2 Kh7 48. Kd1 {Game drawn by mutual agreement} 1/2-1/2

[Event "Team 45 45 League T33"]
[Site "Internet Chess Club"]
[Date "2007.04.29"]
[Round "2"]
[White "Zebbile"]
[Black "onslaught"]
[Result "1/2-1/2"]
[WhiteElo "2052"]
[BlackElo "2211"]
[ECO "D17"]
[TimeControl "2700+45"]

1. Nf3 Nf6 2. d4 d5 3. c4 c6 4. Nc3 dxc4 5. a4 Bf5 6. Ne5 Nbd7 7. Nxc4 Qc7 8. g3
e5 9. dxe5 Nxe5 10. Bf4 Nfd7 11. Bg2 f6 12. O-O Nc5 13. Ne3 Bg6 14. b4 Ne6 15.
Qb3 Bf7 16. Qb1 Be7 17. b5 O-O 18. bxc6 bxc6 19. Qc1 Nd4 20. Qd1 Rfd8 21. Ncd5
Nxe2+ 22. Qxe2 cxd5 23. Rfd1 Bf8 24. Nxd5 Qc4 25. Qxc4 Nxc4 26. Ne3 Rac8 27. Bb7
Rxd1+ 28. Rxd1 Re8 29. Ba6 Nb2 30. Rd2 Ba3 31. Bc7 Be6 32. Ba5 Rb8 33. Bb5 a6
34. Bxa6 Nxa4 35. Rd8+ Rxd8 36. Bxd8 {Game drawn by mutual agreement} 1/2-1/2

[Event "Team 45 45 League T33"]
[Site "Internet Chess Club"]
[Date "2007.04.29"]
[Round "2"]
[White "fledermaus"]
[Black "mint-tea"]
[Result "1/2-1/2"]
[WhiteElo "1978"]
[BlackElo "1827"]
[ECO "E97"]
[TimeControl "2700+45"]

1. d4 Nf6 2. c4 g6 3. Nc3 Bg7 4. e4 d6 5. Nf3 O-O 6. Be2 e5 7. O-O Nc6 8. d5 Ne7
9. b4 c6 10. Rb1 a5 11. dxc6 axb4 12. Rxb4 Nxc6 13. Rb3 Na5 14. Rb4 Nc6 15. Rb3
Na5 16. Rb4 Nc6 {Game drawn by repetition} 1/2-1/2

[Event "Team 45 45 League T33"]
[Site "Internet Chess Club"]
[Date "2007.04.28"]
[Round "2"]
[White "rindetecallaham"]
[Black "Allessia"]
[Result "1-0"]
[WhiteElo "2275"]
[BlackElo "2272"]
[ECO "E50"]
[TimeControl "2700+45"]

1. d4 Nf6 2. c4 e6 3. Nc3 Bb4 4. e3 O-O 5. Nf3 c5 6. Bd3 cxd4 7. exd4 d5 8. cxd5
exd5 9. O-O Bg4 10. Bg5 Bxc3 11. bxc3 Nbd7 12. h3 Bh5 13. Bf4 Re8 14. Rb1 Nb6
15. Bb5 Re6 16. Bd3 Ne4 17. Qc2 Bxf3 18. gxf3 Rg6+ 19. Bg3 Nxg3 20. Bxg6 Nxf1
21. Bxh7+ Kh8 22. Bd3 Qh4 23. Bxf1 Qg5+ 24. Bg2 Re8 25. a4 Re7 26. f4 Qxf4 27.
a5 Nc4 28. Qd1 Nd2 29. Rb5 Ne4 30. Bxe4 dxe4 31. Qg4 Qxg4+ 32. hxg4 Rc7 33. Kf1
Kh7 34. Ke2 Kg6 35. Ke3 Rxc3+ 36. Kxe4 Rc7 37. d5 Rd7 38. Ke5 Kg5 39. d6 Kxg4
40. Rc5 Rd8 41. Rc7 b6 42. Rxf7 g5 43. a6 Ra8 44. d7 {Black resigns} 1-0

[Event "Team 45 45 League T33"]
[Site "Internet Chess Club"]
[Date "2007.04.28"]
[Round "2"]
[White "kostasgr"]
[Black "DTK"]
[Result "1-0"]
[WhiteElo "2129"]
[BlackElo "2196"]
[ECO "C03"]
[TimeControl "2700+45"]

1. e4 e6 2. d4 d5 3. Nd2 Be7 4. Ngf3 Nf6 5. e5 Nfd7 6. Bd3 c5 7. c3 Nc6 8. O-O
g5 9. dxc5 Ncxe5 10. Nxe5 Nxe5 11. Bb5+ Bd7 12. Bxd7+ Qxd7 13. Qe2 Ng6 14. Nf3
h6 15. b4 O-O-O 16. a4 g4 17. Nd4 e5 18. Nb5 Kb8 19. Be3 f5 20. Nxa7 f4 21. c6
Qc7 22. Nb5 Qxc6 23. Ba7+ Ka8 24. f3 gxf3 25. Rxf3 e4 26. Rff1 Rhg8 27. Kh1 Nh4
28. Rxf4 Rxg2 29. Bf2 Rdg8 30. Qe3 d4 31. Nxd4 Qg6 32. Bg3 Rxg3 33. hxg3 Qxg3
34. Qxg3 Rxg3 35. Rxe4 Rh3+ 36. Kg1 Bg5 37. Rae1 b6 38. c4 Rd3 39. Kf2 Ra3 40.
Rh1 Ra2+ 41. Kg3 Rg2+ 42. Kh3 Rd2 43. Rh2 Rd3+ 44. Kg4 Ng6 45. Ne6 Bd2 46. c5
bxc5 47. Nxc5 Rd5 48. Rh5 Rd6 49. Kf5 Bg5 50. Re6 Ne7+ 51. Ke4 Rxe6+ 52. Nxe6
Bd2 53. b5 Kb7 54. Nf4 Ng8 55. Nd5 Bg5 56. Rh1 Nf6+ 57. Nxf6 Bxf6 58. Rxh6
{Black resigns} 1-0

[Event "Team 45 45 League T33"]
[Site "Internet Chess Club"]
[Date "2007.05.06"]
[Round "2"]
[White "AMAV"]
[Black "Ozgur-Bjk"]
[Result "0-1"]
[WhiteElo "2051"]
[BlackElo "2154"]
[ECO "D05"]
[TimeControl "2700+45"]

1. d4 d5 2. Nf3 Nf6 3. e3 e6 4. Bd3 c5 5. c3 Nc6 6. Nbd2 Bd6 7. O-O O-O 8. e4
cxd4 9. cxd4 dxe4 10. Nxe4 Be7 11. Nc3 b6 12. Bg5 Bb7 13. Rc1 Rc8 14. Bb1 Nd5
15. Qd3 g6 16. Bxe7 Ncxe7 17. Rfd1 Qd6 18. a3 Nxc3 19. Rxc3 Nd5 20. Rxc8 Rxc8
21. h4 h5 22. Ne5 Qe7 23. Qg3 Qf6 24. Be4 Rd8 25. Rd3 Nf4 26. Re3 Bxe4 27. Rxe4
Rxd4 28. Re1 Rd1 29. Qe3 Rxe1+ 30. Qxe1 Qxh4 31. g3 Qg5 32. Nf3 Qd5 33. Qe3 Nd3
34. b4 Nb2 35. Nd2 Nc4 36. Nxc4 Qxc4 37. Qf3 Kg7 38. Kh2 h4 39. Qe3 hxg3+ 40.
Kxg3 f5 41. Qe5+ Kf7 42. Qd6 Qc3+ 43. f3 Qxa3 44. Qd7+ Kf6 45. Qd4+ Ke7 46. Qg7+
Kd6 47. Qf8+ Kd5 48. Qd8+ Kc4 49. Qc8+ Kxb4 50. Qxe6 Qc3 51. Qe7+ Qc5 52. Qxa7
b5 53. Qf7 Qd6+ 54. Kg2 Ka3 55. Qa7+ Kb3 56. Qe3+ Kc2 57. Qe8 b4 58. Qc8+ Kb2
59. Qh8+ Kb1 60. Qg8 Qd3 61. Qxg6 b3 62. Qb6 b2 63. Kg3 Kc1 64. Qg1+ Kc2 65.
Qc5+ Kd2 66. Qf2+ Qe2 67. Qd4+ Kc2 68. Qc5+ Kd1 69. Qxf5 Qc2 70. Qd5+ Ke1 71.
Qe5+ Kf1 72. Qb5+ Qe2 73. Qf5 Qe1+ 74. Kh2 b1=Q 75. Qh3+ Ke2 76. Qe6+ Kf2 {White
resigns} 0-1

[Event "Team 45 45 League T33"]
[Site "Internet Chess Club"]
[Date "2007.04.30"]
[Round "2"]
[White "KingDestroyer"]
[Black "Sir-Knightly"]
[Result "1/2-1/2"]
[WhiteElo "2147"]
[BlackElo "2401"]
[ECO "A13"]
[TimeControl "2700+45"]

1. Nf3 d5 2. c4 e6 3. d4 c6 4. Nc3 dxc4 5. a4 Bb4 6. e3 b5 7. Ne5 Nf6 8. Bd2
Bxc3 9. bxc3 O-O 10. g4 Bb7 11. Bg2 Qc7 12. O-O Nbd7 13. f4 a6 14. g5 Nd5 15. e4
Ne7 16. Rf3 f5 17. gxf6 Nxf6 18. Rg3 c5 19. Qe2 Nc6 20. Nxc6 Bxc6 21. e5 Nd5 22.
Qg4 Qe7 23. Be4 cxd4 24. cxd4 Ra7 25. axb5 axb5 26. Rxa7 Qxa7 27. Bxh7+ Kxh7 28.
Rh3+ Kg8 29. Qxe6+ Qf7 30. Qxc6 Nxf4 31. Bxf4 Qxf4 32. Qe6+ Qf7 33. Qxf7+ Rxf7
34. e6 Rc7 35. d5 c3 36. e7 Rxe7 37. Rxc3 {Game drawn by mutual agreement}
1/2-1/2

[Event "Team 45 45 League T33"]
[Site "Internet Chess Club"]
[Date "2007.04.27"]
[Round "2"]
[White "Satan"]
[Black "BigNEazy"]
[Result "0-1"]
[WhiteElo "2140"]
[BlackElo "2217"]
[ECO "B22"]
[TimeControl "2700+45"]

1. e4 c5 2. c3 Nf6 3. e5 Nd5 4. d4 cxd4 5. Nf3 Nc6 6. Bc4 Nb6 7. Bb3 d5 8. exd6
Qxd6 9. O-O Be6 10. Na3 a6 11. Bxe6 Qxe6 12. Re1 Qd5 13. Nxd4 Nxd4 14. Be3 e6
15. Bxd4 Bxa3 16. bxa3 Qc6 17. Qb3 Nc4 18. Rab1 b5 19. Qb4 f6 20. a4 Rb8 21.
axb5 Rxb5 22. Qa4 Kf7 23. Rxb5 axb5 24. Qa7+ Kg6 25. Qc5 Rc8 26. Qxc6 Rxc6 27.
f4 e5 28. fxe5 Re6 29. Rb1 fxe5 30. Bc5 Kf5 31. Rxb5 Ke4 32. Bf8 g6 33. Bg7 Kd3
34. a4 e4 35. Rd5+ Ke2 36. Rd4 Nd2 37. Bh6 e3 38. a5 Rf6 39. h4 Rf1+ 40. Kh2 Rf2
41. Kh3 Rf5 42. Ra4 Kd3 43. a6 e2 44. Rd4+ Kxc3 45. a7 Kxd4 {White resigns} 0-1